 Dungeon Crawl Stone Soup version 0.31.0-12-g77e489cdc1 (webtiles) character file.

Game seed: 8505973570977520601

102618 gohu the Earth Mage (level 16, -2/95 (104) HPs)
             Began as a Gargoyle Earth Elementalist on Feb 25, 2024.
             Was a High Priest of Vehumet.
             Slain by a large abomination (5 damage)
             ... on level 2 of the Abyss.
             The game lasted 01:36:17 (29421 turns).

gohu the Earth Mage (Gargoyle Earth Elementalist)  Turns: 29421, Time: 01:36:17

HP:   -2/95 (104)   AC: 23    Str: 13    XL:     16   Next: 33%
MP:   30/30         EV: 16    Int: 23    God:    Vehumet [*****.]
Gold: 2015          SH:  0    Dex: 10    Spells: 19/36 levels left

rFire   . . .        a - staff of conjuration
rCold   . . .        X - +0 kite shield
rNeg    + . .        V - +0 troll leather armour
rPois   ∞            v - +0 helmet
rElec   +            e - scarf {repulsion}
rCorr   .            J - +2 pair of gloves
SInv    +            u - +2 pair of boots
Will    +....        w - amulet of the acrobat
Stlth   +            d - +5 ring of evasion
HPRegen 1.15/turn    q - ring of see invisible
MPRegen 0.22/turn

%: repel missiles, acrobat
@: confused, about to teleport, flying, drained, invisible
A: sickness immunity, AC +12, big wings, negative energy resistance 1,
electricity resistance, torment resistance 1, petrification resistance
a: Renounce Religion


You were on level 2 of the Abyss.
You worshipped Vehumet.
Vehumet was extremely pleased with you.
You visited 3 branches of the dungeon, and saw 21 of its levels.
You visited the Abyss 1 time.

You collected 2060 gold pieces.
You spent 45 gold pieces at shops.

Inventory:

Hand Weapons
 h - a +0 sling of chaos
 B - a +3 demon whip of venom
Missiles
 r - 38 poisoned darts
 A - 11 boomerangs
 Q - 11 javelins
Armour
 e - a scarf of repulsion (worn)
 u - a +2 pair of boots (worn)
 v - a +0 helmet (worn)
 D - a +1 leather armour of cold resistance
 J - a +2 pair of gloves (worn)
 V - a +0 troll leather armour (worn)
 X - a +0 kite shield (worn)
Magical Staves
 a - a staff of conjuration (weapon)
Jewellery
 d - a +5 ring of evasion (left hand)
 q - a ring of see invisible (right hand)
 t - a ring of willpower
 w - an amulet of the acrobat (around neck)
 F - an amulet of regeneration
 M - a ring of ice
 P - a +6 ring of dexterity
 T - a +5 ring of evasion
Wands
 k - a wand of digging (4)
 l - a wand of polymorph (13)
 p - a wand of charming (8)
 R - a wand of mindburst (1)
 U - a wand of flame (6)
 W - a wand of iceblast (2)
 Y - a wand of quicksilver (6)
Scrolls
 b - 3 scrolls of noise
 c - 6 scrolls of fog {unknown}
 f - 2 scrolls of enchant weapon
 g - a scroll of brand weapon
 j - 5 scrolls of immolation {unknown}
 m - 3 scrolls of revelation
 s - a scroll of poison
 y - 4 scrolls of teleportation
 E - 8 scrolls of amnesia {unknown}
 G - 4 scrolls of fear
 L - 2 scrolls of enchant armour
Potions
 i - 5 potions of brilliance
 n - 2 potions of lignification
 o - 4 potions of enlightenment
 x - 2 potions of magic
 z - 4 potions of curing
 I - 2 potions of berserk rage
 K - 2 potions of might
 N - a potion of resistance
 O - a potion of haste


   Skills:
 + Level 13.2 Fighting
 - Level 7.2 Armour
 - Level 5.1 Dodging
 - Level 6.7 Stealth
 + Level 12.0 Shields
 + Level 10.9 Spellcasting
 + Level 12.7 Conjurations
 * Level 15.7 Earth Magic
 - Level 6.5 Evocations


You had 19 spell levels left.
You knew the following spells:

 Your Spells              Type           Power      Damage    Failure   Level
a - Sandblast             Erth           100%       2d20      0%          1
b - Stone Arrow           Conj/Erth      100%       3d13      1%          3
c - Passwall              Erth           71%        N/A       1%          3
d - Brom's Barrelling Bo  Conj/Erth      87%        2d10      1%          4
e - Bombard               Conj/Erth      43%        9d7       1%          6

Your spell library contained the following spells:

 Spells                   Type           Power      Damage    Failure   Level
 Plasma Beam              Fire/Air       6%         2x1d16    99%         6
 Kiss of Death            Conj/Necr      100%       2d13      1%          1
 Animate Armour           Summ/Erth      96%        N/A       5%          4
 Petrify                  Alch/Erth      48%        N/A       5%          4
 Slow                     Hex            48%        N/A       14%         1
 Ignite Poison            Fire/Alch      12%        N/A       32%         4
 Olgreb's Toxic Radiance  Alch           12%        N/A       32%         4
 Sticky Flame             Fire/Alch      12%        2d5       32%         4
 Call Canine Familiar     Summ           12%        N/A       38%         3
 Confusing Touch          Hex            12%        N/A       38%         3
 Sigil of Binding         Hex            12%        N/A       38%         3
 Vampiric Draining        Necr           12%        2d6       38%         3
 Lehudib's Crystal Spear  Conj/Erth      43%        10d11     52%         8
 Dimensional Bullseye     Hex/Tloc       6%         N/A       80%         4
 Dispel Undead            Necr           12%        3d9       80%         4
 Manifold Assault         Tloc           12%        N/A       80%         4
 Dispersal                Tloc           6%         N/A       100%        6
 Ozocubu's Refrigeration  Ice            6%         4d8       100%        7
 Discord                  Hex            6%         N/A       100%        8
 Disjunction              Tloc           6%         N/A       100%        8
 Ignition                 Fire           6%         3d4       100%        8


Dungeon Overview and Level Annotations

Branches:
Dungeon (15/15)            Temple (1/1) D:7            Lair (5/5) D:10
  Swamp (0/4) Lair:3       Spider (0/4) Lair:3        Slime (0/5) Lair:4
    Orc (0/2) D:12         Vaults (0/5) D:13
 Depths: D:15

Altars:
Ashenzari
Cheibriados
Dithmenos
Elyvilon
Fedhas
Gozag
Hepliaklqana
Kikubaaqudgha
Makhleb
Nemelex Xobeh
Okawaru
Qazlal
Ru
Sif Muna
Trog
Uskayaw
Vehumet
Wu Jian
Xom
Yredelemnul
Zin
The Shining One

Shops:
D:2 [   D:12 *

Annotations:
D:2 1 runed translucent door, Crazy Yiuf
D:4 exclusion: downstairs
D:8 Maurice
Lair:4 2 transporters, exclusion: oklob plant, sking99's ghost, journeyman TrFi
Lair:5 exclusion: oklob plant


Innate Abilities, Weirdness & Mutations

You are immune to sickness and miasma.
Your stone body is resilient. (AC +12)
You are immune to poison.
Your large and strong wings let you fly.
You resist negative energy. (rN+)
You are resistant to electric shocks. (rElec)
You are resistant to unholy torment.
You are immune to petrification.


Message History

A starcursed mass splits.
You hit the large abomination.
The large abomination is lightly damaged.
The large abomination misses you.
The white imp grinds its teeth.
The large abomination hits you!!
* * * LOW HITPOINT WARNING * * *
The large abomination barely misses you.
You feel much better. The golden eye blinks at you.
You are more confused.
The large abomination hits you but does no damage.
The large abomination hits you.
* * * LOW HITPOINT WARNING * * *
The large abomination misses you. The golden eye blinks at you.
You resist with almost no effort.
You feel much better. The large abomination hits you! x2
* * * LOW HITPOINT WARNING * * *
The golden eye blinks at you. You resist with almost no effort.
The large abomination hits you but does no damage.
You feel better. The large abomination misses you.
The large abomination hits you!!
* * * LOW HITPOINT WARNING * * *
The golden eye blinks at you.
You are confused.
The large abomination completely misses you.
You feel much better. The golden eye blinks at you.
You resist with almost no effort. The large abomination hits you.
* * * LOW HITPOINT WARNING * * *
The large abomination hits you!!
* * * LOW HITPOINT WARNING * * *
The large abomination hits you but does no damage.
Okay, then.
You fade into invisibility!
The golden eye blinks at you. You resist with almost no effort.
The large abomination hits you.
You die...

.... ... .#.. ...
... .. X ..# ...
.. ..##. .... .
5XX..W .. .. #X#..
...... #@#
........ ..
#XXW..#... .
#GxX....#.. #
.#######...#......
# . . .
#........... . .
.### #. ...#..#.
.# # ... ##.
....... . . ... .
.. .. ....#..... .
. ...#### ... ..
..


You could see 2 starcursed masses, an eidolon, 4 large abominations, a small
abomination (unable to see you), a golden eye and a white imp (unable to see
you).

Vanquished Creatures
  A lich (Abyss:2)
  Agnes (D:15)
  A tentacled starspawn (Abyss:2)
  An ophan (Abyss:2)
  2 deep elf high priests (D:12)
  4 vault guards
  A rakshasa (D:15)
  14 centaur warriors
  3 catoblepae
  6 hydras
  5 two-headed ogres
  Erica (Lair:2)
  5 boulder beetles
  6 death yaks
  Urug (Lair:4)
  8 tengu warriors
  An occultist (D:15)
  3 deep elf knights (D:12)
  Amaemon (Lair:2)
  2 skysharks
  6 deep trolls (D:12)
  An anaconda zombie (Abyss:2)
  3 phantasmal warriors
  An orc sorcerer (D:15)
  3 deep elf pyromancers (D:12)
  A cyclops (D:15)
  An oklob plant (Lair:5)
  12 ugly things
  3 manticores
  A will-o-the-wisp (Abyss:2)
  A centaur zombie (D:15)
  3 black mambas
  9 slime creatures
  2 gargoyles (D:13)
  15 elephants
  A torpor snail (Lair:2)
  A smoke demon (Abyss:2)
  6 molten gargoyles (D:12)
  10 cane toads
  An orange demon (Lair:2)
  4 rime drakes
  2 kobold demonologists
  6 komodo dragons
  A tengu conjurer (D:14)
  Psyche (D:12)
  8 polar bears
  A queen bee (Lair:1)
  6 hornets
  A hellwing (Abyss:2)
  8 trolls
  16 blink frogs
  A tyrant leech (Lair:3)
  A ynoxinul (Abyss:2)
  16 spriggans (Lair:5)
  2 jumping spiders (Lair:3)
  42 yaks
  A vampire (D:12)
  2 wraiths
  A warg (shapeshifter) (D:13)
  3 wyverns
  4 basilisks
  18 vampire mosquitoes
  A chaos spawn (Abyss:2)
  A redback (Lair:3)
  2 swamp worms (Lair:3)
  4 acid dragons
  7 water moccasins
  5 black bears
  2 ogres
  4 orc warriors
  2 ice beasts
  A sky beast (Abyss:2)
  6 laughing skulls
  A small abomination (Abyss:2)
  29 wolves
  3 boggarts (Lair:5)
  4 centaurs (D:13)
  3 kobold brigands
  12 bullfrogs
  3 gnoll sergeants
  2 scorpions
  4 wights (D:7)
  2 howler monkeys
  An electric eel (D:10)
  11 orc priests
  A quasit (Abyss:2)
  9 hounds
  2 bombardier beetles
  4 jellies
  5 iguanas
  2 hell rats (Lair:4)
  9 orc wizards
  21 gnolls
  6 adders
  11 river rats (Lair:4)
  4 white imps
  4 dart slugs
  29 orcs
  3 endoplasms
  7 giant cockroaches
  6 goblins
  8 hobgoblins
  4 quokkas
  7 ball pythons
  5 bats
  2 frilled lizards
  21 kobolds
  4 rats
577 creatures vanquished.

Vanquished Creatures (collateral kills)
  2 boulders (D:15)
2 creatures vanquished.

Vanquished Creatures (others)
  A glowing orange brain (Abyss:2)
  A chaos spawn (Abyss:2)
  3 boulders
  4 starspawn tentacles (Abyss:2)
9 creatures vanquished.

Grand Total: 588 creatures vanquished

Notes
Turn   | Place    | Note
-------+----------+-------------------------------------------
     0 | D:1      | gohu the Gargoyle Earth Elementalist began the quest for
                  | the Orb.
     0 | D:1      | Reached XP level 1. HP: 10/10 MP: 3/3
    74 | D:1      | Reached skill level 4 in Earth Magic
   164 | D:1      | Reached XP level 2. HP: 14/15 MP: 0/5
   384 | D:1      | Found a faded altar of an unknown god.
   458 | D:1      | Reached skill level 5 in Earth Magic
   458 | D:1      | Reached XP level 3. HP: 14/19 MP: 0/6
   677 | D:1      | Learned a level 3 spell: Stone Arrow
   915 | D:2      | Found Qaiczaurr's Armour Shop.
   923 | D:2      | Bought a +0 pair of gloves for 45 gold pieces
  1178 | D:2      | Found a runed translucent door.
  1179 | D:2      | Noticed Crazy Yiuf
  1418 | D:3      | Reached XP level 4. HP: 24/24 MP: 5/7
  1457 | D:3      | Reached skill level 6 in Earth Magic
  2513 | D:4      | Reached XP level 5. HP: 28/28 MP: 5/8
  2717 | D:4      | Noticed an ogre
  2928 | D:5      | Entered Level 5 of the Dungeon
  3241 | D:4      | Killed an ogre
  3242 | D:4      | Reached skill level 1 in Fighting
  3242 | D:4      | Reached XP level 6. HP: 35/35 MP: 5/9
  3879 | D:5      | Reached XP level 7. HP: 29/40 MP: 5/11
  4466 | D:6      | Reached skill level 5 in Conjurations
  4649 | D:6      | Reached XP level 8. HP: 43/48 MP: 7/13
  5602 | D:7      | Found a staircase to the Ecumenical Temple.
  5611 | Temple   | Entered the Ecumenical Temple
  5620 | Temple   | Became a worshipper of Vehumet
  5764 | D:7      | Reached skill level 7 in Earth Magic
  5866 | D:7      | Reached skill level 5 in Spellcasting
  6012 | D:7      | Reached XP level 9. HP: 52/52 MP: 8/16
  6189 | D:7      | Reached skill level 8 in Earth Magic
  6549 | D:8      | Noticed Maurice
  6573 | D:8      | Found a stormy altar of Qazlal.
  6575 | D:8      | Found a blossoming altar of Fedhas.
  6575 | D:8      | Found a broken altar of Ashenzari.
  6576 | D:8      | Found a burning altar of Makhleb.
  6629 | D:8      | Noticed a two-headed ogre
  6638 | D:8      | Killed a two-headed ogre
  6638 | D:8      | Reached * piety under Vehumet
  6638 | D:8      | Offered knowledge of Kiss of Death by Vehumet.
  6639 | D:8      | Reached skill level 5 in Fighting
  6960 | D:7      | Reached skill level 9 in Earth Magic
  7106 | D:7      | Reached XP level 10. HP: 48/60 MP: 12/18
  8453 | D:9      | Noticed a two-headed ogre
  8458 | D:9      | Killed a two-headed ogre
  8459 | D:9      | Reached skill level 10 in Earth Magic
  8689 | D:10     | Entered Level 10 of the Dungeon
  8761 | D:10     | Reached skill level 1 in Evocations
  8825 | D:10     | Offered knowledge of Static Discharge by Vehumet.
  8827 | D:10     | Reached ** piety under Vehumet
  8832 | D:10     | Learned a level 3 spell: Passwall
  8872 | D:10     | Found a staircase to the Lair.
  9449 | D:10     | Found an ornate altar of the Wu Jian Council.
  9540 | D:10     | Reached XP level 11. HP: 59/68 MP: 18/20
  9665 | Lair:1   | Entered Level 1 of the Lair of Beasts
  9698 | D:10     | Reached skill level 11 in Earth Magic
  9942 | Lair:1   | Noticed a boulder beetle
 10161 | D:11     | Offered knowledge of Searing Ray by Vehumet.
 10501 | D:11     | Reached *** piety under Vehumet
 10502 | D:11     | Reached skill level 12 in Earth Magic
 10621 | D:11     | Noticed a soul eater
 11167 | D:11     | Found a hazy altar of Hepliaklqana.
 11174 | D:11     | Learned a level 4 spell: Brom's Barrelling Boulder
 11242 | D:12     | Found Gitte's Mayhem Merchandise.
 11246 | D:12     | Noticed a boulder beetle
 11265 | D:12     | Killed a boulder beetle
 11266 | D:12     | Reached skill level 5 in Stealth
 11266 | D:12     | Reached XP level 12. HP: 76/76 MP: 9/22
 11457 | D:12     | Noticed a boulder beetle
 11589 | D:12     | Reached skill level 13 in Earth Magic
 11612 | D:12     | Offered knowledge of Frozen Ramparts by Vehumet.
 11723 | D:12     | Killed a boulder beetle
 11772 | D:12     | Noticed a two-headed ogre
 11778 | D:12     | Killed a two-headed ogre
 11899 | D:12     | Noticed Psyche
 11904 | D:12     | Killed Psyche
 11975 | D:12     | Found a staircase to the Orcish Mines.
 11984 | D:12     | Noticed a tengu warrior
 11984 | D:12     | Noticed a tengu warrior
 12063 | D:12     | Found a hide-covered altar of Uskayaw.
 12334 | D:12     | Noticed a tengu warrior
 12408 | D:12     | Killed a tengu warrior
 12527 | D:12     | Reached skill level 10 in Fighting
 12527 | D:12     | Reached skill level 14 in Earth Magic
 12648 | D:12     | Noticed a tengu warrior
 12938 | D:12     | Killed a tengu warrior
 13073 | D:12     | Killed a tengu warrior
 13271 | D:12     | Noticed a centaur warrior
 13302 | D:12     | Killed a tengu warrior
 13308 | D:12     | Killed a centaur warrior
 13309 | D:12     | Reached skill level 5 in Armour
 13372 | D:12     | Noticed a centaur warrior
 13379 | D:12     | Killed a centaur warrior
 13379 | D:12     | Reached **** piety under Vehumet
 13380 | D:12     | Reached XP level 13. HP: 82/83 MP: 15/25
 13599 | D:12     | Offered knowledge of Volatile Blastmotes by Vehumet.
 13870 | D:12     | Reached skill level 10 in Conjurations
 14527 | D:12     | Reached skill level 5 in Evocations
 14602 | D:12     | Noticed a deep elf high priest
 14605 | D:12     | Killed a deep elf high priest
 14605 | D:12     | Noticed a deep elf high priest
 14757 | D:12     | Killed a deep elf high priest
 14880 | D:12     | Found a faded altar of an unknown god.
 15192 | D:13     | Noticed a vault guard
 16320 | Lair:2   | Gained mutation: Your large and strong wings let you fly.
                  | [Gargoyle growth]
 16320 | Lair:2   | Reached XP level 14. HP: 90/90 MP: 17/27
 16565 | Lair:2   | Found a white marble altar of Elyvilon.
 16997 | Lair:2   | Noticed Erica
 17007 | Lair:2   | Killed Erica
 17568 | Lair:2   | Noticed Amaemon
 17575 | Lair:2   | Killed Amaemon
 18121 | Lair:3   | Reached ***** piety under Vehumet
 18123 | Lair:3   | Offered knowledge of Flame Wave by Vehumet.
 18133 | Lair:3   | Reached skill level 5 in Dodging
 18151 | Lair:3   | Reached skill level 10 in Spellcasting
 18579 | Lair:3   | Found a hole to the Spider Nest.
 18611 | Lair:3   | Reached skill level 1 in Shields
 19302 | Lair:3   | Found a staircase to the Swamp.
 19359 | Lair:4   | Noticed Urug
 19365 | Lair:4   | Killed Urug
 19675 | Lair:4   | Reached skill level 5 in Shields
 19886 | Lair:4   | Found a transporter.
 19888 | Lair:4   | Found a transporter.
 19897 | Lair:4   | Noticed sking99's ghost (journeyman TrFi)
 20250 | Lair:4   | Found a staircase to the Slime Pits.
 20758 | Lair:5   | Entered Level 5 of the Lair of Beasts
 21034 | Lair:4   | Reached XP level 15. HP: 96/96 MP: 20/29
 21435 | Lair:5   | Reached skill level 10 in Shields
 21833 | Lair:5   | Found a blossoming altar of Fedhas.
 21910 | Lair:5   | Identified a scroll of acquirement
 21912 | Lair:5   | Acquired a staff of conjuration
 21988 | Lair:5   | Offered knowledge of Bombard by Vehumet.
 22074 | Lair:5   | Learned a level 6 spell: Bombard
 24501 | D:13     | Found a gate to the Vaults.
 26520 | D:14     | Reached skill level 15 in Earth Magic
 26875 | D:14     | Reached XP level 16. HP: 103/103 MP: 23/30
 27070 | D:15     | Entered Level 15 of the Dungeon
 27361 | D:15     | Noticed Agnes
 27367 | D:15     | Killed Agnes
 27724 | D:15     | Offered knowledge of Plasma Beam by Vehumet.
 28793 | Abyss:2  | Cast into level 2 of the Abyss (an occultist)
 28898 | Abyss:2  | Noticed a tentacled starspawn
 28904 | Abyss:2  | Killed a tentacled starspawn
 29073 | Abyss:2  | Noticed a revenant
 29087 | Abyss:2  | Noticed a tentacled starspawn
 29133 | Abyss:2  | Noticed a tentacled starspawn
 29191 | Abyss:2  | Noticed a lich
 29203 | Abyss:2  | Killed a lich
 29416 | Abyss:2  | HP: 3/95 [large abomination (29)]
 29420 | Abyss:2  | HP: 1/95 [large abomination (25)]
 29421 | Abyss:2  | Slain by a large abomination

Illustrated notes

Levels and vault maps discovered:
D:1:      heliophobic_arrival_glass_houses, layout_rooms,
          ebering_ecumenical_altar_webs
D:2:      layout_basic, serial_shops, shop, eino_tiny_chamber,
          uniq_crazy_yiuf_cottage
D:3:      kennysheep_big_flooded_room, layout_loops_ring, nrook_uturn
D:4:      layout_loops_corners
D:5:      layout_rooms, grunt_ministairs_6
D:6:      layout_loops_ring, nicolae_houndstooth_variations
D:7:      layout_rooms, minmay_temple_entry_antechambers
D:8:      layout_cave_pools, chequers_temple_overflow_statue_of_worship,
          uniq_maurice
D:9:      layout_grid_maze
D:10:     layout_roguey, nicolae_wu_jian_immortal_techniques, erik_lair_island
D:11:     layout_cave_pools, nzn_hepliaklqana_mist_gate
D:12:     regret_index_infernal_bastille, layout_cave_pools,
          minmay_orc_entry_temple_large, grunt_decor_fettered,
          minmay_shop_mayhem, hangedman_decor_growths,
          nicolae_uskayaw_murder_on_the_dancefloor, uniq_psyche
D:13:     layout_basic, lightli_vaults_fourway_checkpoint
D:14:     layout_loops_corners
D:15:     grunt_enter_depths_magical_seal, layout_loops_ring,
          grunt_decor_clamped, minmay_splitting_lines, uniq_agnes
Temple:   sentei_temple_godly_chess
Lair:1:   layout_loops_ring, ldierk_geyser, beast_lair_carwin_11,
          lemuel_fruit_tree, lemuel_fruit_fields
Lair:2:   layout_cave_pods, basic_altar, uniq_amaemon, uniq_erica
Lair:3:   layout_long_grid, minmay_swamp_entry_worms, spider_nest_entry_a,
          grunt_megastairs_2
Lair:4:   layout_long_grid, slime_entry_1, nzn_ghost_randoct,
          kennysheep_rathole, uniq_urug
Lair:5:   minmay_lair_end_enchanted_forest, layout_hall_layers, tgw_fedhas
Abyss:2:  base: D:5, evilmike_abyss_exit_13

Skill      XL: |  1  2  3  4  5  6  7  8  9 10 11 12 13 14 15 16 |
---------------+-------------------------------------------------+-----
Earth Magic    | 4 5 6 7 9 10 12 14 15 | 15.7
Conjurations   | 2 4 5 7 8 9 10 11 12 | 12.7
Fighting       | 1 2 3 4 5 7 9 10 11 12 13 | 13.2
Spellcasting   | 3 5 6 7 8 9 10 | 10.9
Armour         | 3 4 5 7 |  7.2
Dodging        | 3 4 5 |  5.1
Evocations     | 2 3 5 6 |  6.5
Stealth        | 5 6 |  6.7
Shields        | 8 11 12 | 12.0

Action                     |  1- 3 |  4- 6 |  7- 9 | 10-12 | 13-15 | 16-18 || total
---------------------------+-------+-------+-------+-------+-------+-------++-------
  Melee: Unarmed           |     7 |       |       |       |       |       ||     7
         Demon blade       |       |       |     4 |       |       |       ||     4
         Staff             |       |       |       |       |    37 |    40 ||    77
   Fire: Sling             |    27 |    54 |    46 |   114 |    73 |       ||   314
   Cast: Sandblast         |    40 |    69 |   113 |   195 |   397 |   117 ||   931
         Stone Arrow       |       |       |    29 |   155 |   516 |    80 ||   780
         Passwall          |       |       |       |     1 |       |     2 ||     3
         Brom's Barrelling |       |       |       |     1 |       |     5 ||     6
         Bombard           |       |       |       |       |    19 |     2 ||    21
  Evoke: Wand              |       |       |       |     3 |     3 |     2 ||     8
    Use: Scroll            |       |       |       |    17 |    10 |     2 ||    29
         Potion            |       |       |       |     1 |       |    10 ||    11
 Armour: Robe              |    10 |     8 |       |       |       |       ||    18
         Leather armour    |       |     8 |    23 |    16 |       |       ||    47
         Troll leather arm |       |       |       |   136 |   421 |   118 ||   675
  Dodge: Dodged            |    20 |    49 |    42 |   341 |   784 |   153 ||  1389
         Repelled          |       |     1 |     2 |     5 |     5 |     6 ||    19
  Block: Kite shield       |       |       |       |       |   352 |    75 ||   427
